 Dungeon Crawl Stone Soup version 0.28.0 (webtiles) character file.

Game seed: 1214103713093006224

2931 JJisdabomb the Ducker (level 9, 0/92 HPs)
             Began as a Troll Fighter on Feb 11, 2022.
             Was an Elder of Okawaru.
             Slain by a two-headed ogre (17 damage)
             ... on level 8 of the Dungeon.
             The game lasted 00:15:00 (6578 turns).

JJisdabomb the Ducker (Troll Fighter)               Turns: 6578, Time: 00:15:01

Health: 0/92       AC:  4    Str: 26    XL:     9   Next: 50%
Magic:  9/9        EV: 11    Int: 10    God:    Okawaru [****..]
Gold:   336        SH: 10    Dex: 13    Spells: 8/8 levels left

rFire   + . .      SeeInvis .   a - +1 flail
rCold   + . .      Faith    .   d - +1 kite shield
rNeg    . . .      Spirit   .   c - +0 robe
rPois   +          Reflect  .   (helmet restricted)
rElec   .          Harm     .   t - scarf {rC+ rF+}
rCorr   .          Rampage  .   (gloves unavailable)
Will    .....                   (boots unavailable)
Stlth   +.........              f - amulet of regeneration
HPRegen 1.85/turn               j - +6 ring of intelligence
MPRegen 0.11/turn               u - ring of poison resistance

@: no status effects
A: large, unfitting armour, claws 3, regeneration 1, shaggy fur 1, tough skin 1
a: Renounce Religion, Heroism, Finesse


You were on level 8 of the Dungeon.
You worshipped Okawaru.
Okawaru was greatly pleased with you.
You visited 1 branch of the dungeon, and saw 8 of its levels.

You collected 336 gold pieces.

Inventory:

Hand Weapons
 a - a +1 flail (weapon)
 b - a +1 antimagic whip
Armour
 c - a +0 robe (worn)
 d - a +1 kite shield (worn)
 t - a scarf of resistance (worn)
Jewellery
 f - an amulet of regeneration (around neck)
 j - a +6 ring of intelligence (left claw)
 u - a ring of poison resistance (right claw)
Wands
 i - a wand of digging (3)
 q - a wand of polymorph (14)
Scrolls
 g - 4 scrolls of enchant armour
 h - 2 scrolls of immolation
 n - a scroll of holy word
 r - 4 scrolls of identify
Potions
 e - 2 potions of might
 l - a potion of attraction
 m - a potion of brilliance
 o - a potion of flight


   Skills:
 + Level 6.6 Fighting
 + Level 5.1 Maces & Flails
 * Level 6.8 Dodging
 + Level 5.1 Shields
 + Level 1.8 Invocations


You had 8 spell levels left.
You didn't know any spells.
Your spell library contained the following spells:

 Spells                   Type           Power      Damage    Failure   Level
 Shock                    Conj/Air       0%         1d3       63%         1
 Swiftness                Air            0%         N/A       94%         3
 Airstrike                Air            0%         N/A       100%        4


Dungeon Overview and Level Annotations

Branches:
Dungeon (8/15)             Temple (0/1) D:7            Lair (0/6) D:8

Altars:
Dithmenos
Elyvilon
Kikubaaqudgha
Makhleb
Okawaru
Sif Muna
Xom
Zin

Annotations:
D:7 2 transporters, AlmostDecent's ghost, amateur GrFi


Innate Abilities, Weirdness & Mutations

You are too large for most types of armour.
You have claws for hands.
Your natural rate of healing is unusually fast.
You are covered in fur. (AC +1)
You have tough skin. (AC +1)


Message History

Aiming: Throw Flame
Press: ? - help, Shift-Dir - straight line, f - two-headed ogre
Aim: a two-headed ogre, wielding a +0 giant club and a +0 giant spiked club (85% to hit)
The puff of flame hits the two-headed ogre.
The two-headed ogre is lightly wounded.
Aiming: Throw Flame
Press: ? - help, Shift-Dir - straight line, f/p - two-headed ogre
Aim: a two-headed ogre, wielding a +0 giant club and a +0 giant spiked club (lightly wounded, 85% to hit)
The puff of flame hits the two-headed ogre.
The two-headed ogre is lightly wounded.
The now-empty wand crumbles to dust.
You thump the two-headed ogre!
The two-headed ogre is moderately wounded.
The two-headed ogre hits you with a +0 giant club!!
The two-headed ogre hits you with a +0 giant spiked club.
You hit the two-headed ogre.
The two-headed ogre is moderately wounded.
The two-headed ogre hits you with a +0 giant club.
You block the two-headed ogre's attack.
You barely miss the two-headed ogre.
The two-headed ogre is moderately wounded.
The two-headed ogre closely misses you.
The two-headed ogre hits you with a +0 giant spiked club!
You barely miss the two-headed ogre.
The two-headed ogre is moderately wounded.
The two-headed ogre hits you with a +0 giant club!!
The two-headed ogre closely misses you.
You thump the two-headed ogre!
The two-headed ogre is heavily wounded.
The two-headed ogre hits you with a +0 giant club!!
* * * LOW HITPOINT WARNING * * *
You block the two-headed ogre's attack.
You thump the two-headed ogre!
The two-headed ogre is severely wounded.
You block the two-headed ogre's attack. The two-headed ogre misses you.
You sock the two-headed ogre!
The two-headed ogre is almost dead.
The two-headed ogre barely misses you.
The two-headed ogre hits you with a +0 giant spiked club!
You die...

#..####.... #..####....
##..........
#........... #.
###..........P
#...#######...#..##.....
#.........###..##.P.P.
#####.##### #..##....P
#@# #..#...P.. #O#
##......P. #(# #.......P
#.....?# #.....(..
#...##....... ....#
..... ....##. ....# .#


You could see a two-headed ogre.

Vanquished Creatures
  A hornet (D:7)
  Grinder (D:4)
  2 water moccasins
  A sky beast (D:7)
  5 black bears
  A centaur (D:8)
  A phantom (D:6)
  A kobold brigand (D:8)
  4 bullfrogs
  A gnoll sergeant (D:6)
  2 scorpions
  A wyvern skeleton (D:7)
  A water moccasin skeleton (D:5)
  6 killer bees
  A howler monkey (D:4)
  A centaur zombie (D:5)
  3 hounds
  A bullfrog skeleton (D:3)
  A jelly (D:4)
  Ijyb (D:4)
  3 iguanas
  6 orc wizards
  A hound skeleton (D:4)
  10 gnolls
  6 adders
  A shadow imp (D:7)
  3 ufetubi
  5 worms
  A dart slug (D:2)
  15 orcs
  4 ball pythons
  8 endoplasms
  5 giant cockroaches
  7 goblins
  7 hobgoblins
  7 jackals
  14 kobolds
  3 quokkas
  A bat (D:2)
  9 frilled lizards
  3 rats
155 creatures vanquished.

Vanquished Creatures (others)
  27 fungi (D:8)
  23 plants (D:8)
50 creatures vanquished.

Grand Total: 205 creatures vanquished

Notes
Turn   | Place    | Note
-------+----------+-------------------------------------------
     0 | D:1      | JJisdabomb the Troll Fighter began the quest for the Orb.
     0 | D:1      | Reached XP level 1. HP: 22/22 MP: 0/0
   166 | D:1      | Reached XP level 2. HP: 29/29 MP: 1/1
   927 | D:2      | Reached XP level 3. HP: 36/36 MP: 2/2
   940 | D:2      | Found an iron altar of Okawaru.
   952 | D:2      | Became a worshipper of Warmaster Okawaru
  1488 | D:2      | Found a faded altar of an unknown god.
  1890 | D:3      | Reached XP level 4. HP: 41/45 MP: 3/3
  2130 | D:3      | Reached XP level 5. HP: 53/53 MP: 4/4
  2162 | D:3      | Reached * piety under Okawaru
  2467 | D:4      | Found a white marble altar of Elyvilon.
  2599 | D:4      | Noticed Ijyb
  2616 | D:4      | Killed Ijyb
  2636 | D:4      | Reached XP level 6. HP: 62/62 MP: 5/5
  2670 | D:4      | Noticed Grinder
  2703 | D:4      | Killed Grinder
  2703 | D:4      | Reached ** piety under Okawaru
  2704 | D:4      | Reached XP level 7. HP: 42/70 MP: 2/6
  2807 | D:4      | Identified the +1 falchion of Anger {speed, Fragile rPois
                  | rN++ Stlth+}
  3263 | D:4      | Found a shadowy altar of Dithmenos.
  3380 | D:5      | Entered Level 5 of the Dungeon
  3835 | D:5      | Reached *** piety under Okawaru
  3836 | D:5      | Reached skill level 5 in Fighting
  3856 | D:5      | Reached skill level 5 in Dodging
  4111 | D:6      | Reached XP level 8. HP: 63/80 MP: 7/7
  4146 | D:6      | Found a shimmering altar of Xom.
  4584 | D:6      | Found a burning altar of Makhleb.
  4588 | D:6      | Found a glowing silver altar of Zin.
  4588 | D:6      | Noticed an Executioner
  4589 | D:6      | Noticed an angel
  5100 | D:7      | Noticed a hornet
  5110 | D:7      | Paralysed by a hornet for 1 turns
  5112 | D:7      | Killed a hornet
  5199 | D:7      | Found a transporter.
  5516 | D:7      | Found a shimmering blue altar of Sif Muna.
  5663 | D:7      | Found a transporter.
  5664 | D:7      | Noticed AlmostDecent's ghost (amateur GrFi)
  5778 | D:7      | Found an ancient bone altar of Kikubaaqudgha.
  5821 | D:7      | Found a staircase to the Ecumenical Temple.
  6173 | D:7      | Reached **** piety under Okawaru
  6174 | D:7      | Reached XP level 9. HP: 52/89 MP: 8/8
  6296 | D:7      | Reached skill level 1 in Invocations
  6321 | D:7      | Reached skill level 5 in Maces & Flails
  6362 | D:8      | Found a staircase to the Lair.
  6396 | D:8      | Reached skill level 5 in Shields
  6564 | D:8      | Noticed a two-headed ogre
  6578 | D:8      | Slain by a two-headed ogre

Illustrated notes

Levels and vault maps discovered:
D:1:      minmay_arrival_arboretum_large, layout_basic, minmay_misc_feat_x
D:2:      layout_basic, dilly_ecumenical_altar_fadedgnrine, basic_altar
D:3:      layout_loops_ring, hangedman_decor_clover_reticule,
          minmay_statues_item, minmay_door_square
D:4:      layout_loops_ring, mainiacjoe_overflow_alcove_1,
          nicolae_elyvilon_peaceful_grove, uniq_grinder, uniq_ijyb
D:5:      layout_gridville
D:6:      layout_loops_corners, grunt_temple_overflow_order_and_chaos_2,
          overflow_temple_1_default, hangedman_abyss_or_decor_stabs
D:7:      layout_basic, lemuel_tele_altar, mainiacjoe_overflow_alcove_4,
          minmay_temple_entry_mist, gammafunk_ghost_smash
D:8:      cheibrodos_statue_roulette, layout_rooms, fedhas_altar_decomposition,
          due_lair_maze_entry_diamond, minmay_three_doors

Skill      XL: |  1  2  3  4  5  6  7  8  9 |
---------------+----------------------------+-----
Maces & Flails | 2 3 4 5 |  5.1
Dodging        | 3 4 5 6 |  6.8
Fighting       | 3 4 5 6 |  6.6
Shields        | 3 4 5 |  5.1
Invocations    | 1 |  1.8

Action                   |  1- 3 |  4- 6 |  7- 9 || total
-------------------------+-------+-------+-------++-------
Melee: Flail             |   157 |   150 |   397 ||   704
       Whip              |       |    17 |       ||    17
Evoke: Wand              |       |       |     2 ||     2
  Use: Scroll            |     8 |     1 |     6 ||    15
       Potion            |       |     1 |     3 ||     4
 Stab: Sleeping          |     2 |       |     1 ||     3
       Invisible         |       |       |     3 ||     3
Armor: Robe              |    53 |    72 |   137 ||   262
Dodge: Dodged            |    50 |    88 |   313 ||   451
Block: Kite shield       |    60 |    93 |   313 ||   466
